 Dungeon Crawl Stone Soup version 0.21-a0-143-g1ab7d47 (webtiles) character file.

777 Phantoon the Magician (level 7, -9/46 HPs)
             Began as a Demonspawn Wanderer on July 25, 2017.
             Mangled by an efreet
             ... wielding a +2 scimitar of flaming
              (15 damage)
             ... on level 6 of the Dungeon.
             The game lasted 00:14:47 (5514 turns).

Phantoon the Magician (Demonspawn Wanderer)         Turns: 5514, Time: 00:14:48

Health: -9/46      AC:  9    Str:  9 (10) XL:     7   Next: 54%
Magic:  7/14       EV: 11    Int: 21 (24) God:
Gold:   286        SH:  0    Dex: 10 (11) Spells: 12/16 levels left

rFire    + + .     SeeInvis .   k - +1 short sword (elec)
rCold    + . .     Gourm    .   (no shield)
rNeg     + . .     Faith    .   d - +0 robe
rPois    +         Spirit   .   (helmet restricted)
rElec    +         Reflect  .   C - +0 cloak
rCorr    +         Harm     .   (no gloves)
MR       .....                  (no boots)
Stlth    +.........             (no amulet)
HPRegen  0.15/turn              y - ring of positive energy
MPRegen  0.14/turn              z - ring of protection from fire

@: brilliant, resistant (expiring), sanguine armour
A: antennae 2, demonic guardian 1, sanguine armour 1
a: no special abilities


You were on level 6 of the Dungeon.
You were not hungry.

You visited 1 branch of the dungeon, and saw 6 of its levels.

You collected 286 gold pieces.

Inventory:

Hand Weapons
 e - a +0 club
 i - a -2 dagger
 k - a +1 short sword of electrocution (weapon)
Missiles
 h - 38 stones (quivered)
 p - a throwing net
Armour
 a - a +0 shield
 d - a +0 robe (worn)
 C - a +0 cloak (worn)
Jewellery
 y - a ring of positive energy (left hand)
 z - a ring of protection from fire (right hand)
Wands
 t - a wand of random effects (36/48)
 F - a wand of flame (21/48)
Scrolls
 n - 3 scrolls of teleportation
 q - 2 scrolls of identify
 r - 3 scrolls of magic mapping
 v - 3 scrolls of remove curse
 x - 3 scrolls of enchant weapon
 G - a scroll of holy word {unknown}
Potions
 m - 2 potions of lignification
 o - a potion of resistance
 s - 3 potions of heal wounds
 w - a potion of curing
Books
 b - Sif Muna's Disquisition on the Glacier

   Spells                             Type                      Level
   a - Throw Frost                    Conjuration/Ice              2
   b - Ensorcelled Hibernation        Hexes/Ice                    2
 c - the Collected Works on the Mountains

   Spells                             Type                      Level
   a - Sandblast                      Earth                        1
   b - Stone Arrow                    Conjuration/Earth            3
 E - a book of Minor Magic

   Spells                             Type                      Level
   a - Magic Dart                     Conjuration                  1
   b - Blink                          Translocation                2
   c - Call Imp                       Summoning                    2
   d - Slow                           Hexes                        2
   e - Conjure Flame                  Conjuration/Fire             3
   f - Mephitic Cloud                 Conjuration/Poison/Air       3
Comestibles
 f - 4 bread rations
 g - 2 royal jellies
 l - 5 meat rations


   Skills:
 - Level 1.0 Throwing
 - Level 1.0 Shields
 + Level 5.0 Spellcasting
 - Level 5.0 Conjurations
   Level 1.7 Charms
   Level 1.0 Summonings
 * Level 4.7 Earth Magic


You had 12 spell levels left.
You knew the following spells:

 Your Spells              Type           Power        Failure   Level  Hunger
a - Sandblast             Erth           #####.       1%          1    None
b - Stone Arrow           Conj/Erth      #####.       1%          3    ##.....


Dungeon Overview and Level Annotations

Branches:
Dungeon (6/15)
 Temple: D:4-7

Altars:
Fedhas
Hepliaklqana
Yredelemnul

Shops:
D:6 *

Annotations:
D:4 2 transporters
D:6 1 transporter


Innate Abilities, Weirdness & Mutations

You have a pair of antennae on your head.
A weak demonic guardian rushes to your aid.
When seriously injured, your bleeding wounds create armour. (AC +6)


Message History

The blast of sand hits the efreet.
The efreet is lightly wounded.
h - 39 stones The efreet gestures at you.
The bolt of fire hits you! You resist.
Your blood congeals into armour.
The freezing wraith hits you. The freezing wraith freezes you. You resist.
The freezing wraith hits you!
* * * LOW HITPOINT WARNING * * *
Your shadow imp hits the adder.
Casting: Sandblast
Confirm with . or Enter, or press ? or * to list all spells.
Aiming: Sandblast
Press: ? - help, Shift-Dir - straight line, f/p - eye of draining
Aim: an eye of draining The blast of sand hits the efreet.
The efreet is moderately wounded.
h - 38 stones The adder barely misses you.
The efreet hits you with a scimitar of flaming!
You die...

#># #.# #...##.[#### #..#
###.###.###........... #####..#
#.......#...).[...# { ......#
#.#...............#########..†#
#.#######......©.........>....##
#.# #..#########..##........
#.#######.##8.G§..8##.##.##.##.#
#......##.#...RW....#.##.##.##..
#......##.#...S@....#.##.##.####
#......##.#...5.....#.##.##.###
##.....##.#©........#.##.##...#
#....∩##.#.........#.##.####.#
###.####.#....[....#.........#
#.# #.#..$[$[$..#.##.####.#
#.####.##8$[_.$8##.##.# #.#
#.......#########..##.####.#
#######.....©..............#


You could see a freezing wraith, an eye of draining, an efreet, an adder and a
friendly shadow imp.

Vanquished Creatures
  Menkaure (D:5)
  A scorpion (D:4)
  A bullfrog zombie (D:6)
  2 crimson imps
  2 orc priests
  Crazy Yiuf (D:5)
  2 orc wizards
  2 iguanas (D:5)
  A worker ant (D:5)
  A hound skeleton (D:4)
  A howler monkey zombie (D:5)
  11 adders
  2 adder skeletons (D:5)
  3 worms
  2 dart slugs (D:1)
  3 leopard geckos
  7 orcs
  2 ball pythons
  A giant cockroach (D:2)
  6 goblins
  5 hobgoblins
  2 jackals (D:2)
  A quokka (D:3)
  9 bats
  4 frilled lizards
  9 kobolds
  A leopard gecko skeleton (D:6)
  5 rats
88 creatures vanquished.

Vanquished Creatures (collateral kills)
  An ogre (D:4)
  A centaur zombie (D:5)
  2 orcs (D:4)
  A quokka zombie (D:5)
5 creatures vanquished.

Grand Total: 93 creatures vanquished

Notes
Turn   | Place    | Note
-------+----------+-------------------------------------------
     0 | D:1      | Phantoon the Demonspawn Wanderer began the quest for the Orb.
     0 | D:1      | Phantoon set off with: a +0 shield, Sif Muna's Disquisition on the Glacier, the Collected Works on the Mountains, a +0 robe, a +0 club, a bread ration
     0 | D:1      | Reached XP level 1. HP: 13/13 MP: 3/3
     0 | D:1      | Identified Sif Muna's Disquisition on the Glacier
     0 | D:1      | Identified the Collected Works on the Mountains
     7 | D:1      | Learned a level 1 spell: Sandblast
   455 | D:1      | Gained mutation: When seriously injured, your bleeding wounds create armour. (AC +6) [demonic ancestry]
   455 | D:1      | Reached XP level 2. HP: 17/19 MP: 1/5
  1353 | D:2      | Reached XP level 3. HP: 21/24 MP: 1/7
  1620 | D:2      | Learned a level 3 spell: Stone Arrow
  1640 | D:2      | Gained mutation: You have a pair of small antennae on your head. [demonic ancestry]
  1640 | D:2      | Reached XP level 4. HP: 29/30 MP: 0/10
  1943 | D:2      | Reached skill level 1 in Conjurations
  2964 | D:3      | Gained mutation: A weak demonic guardian rushes to your aid. [demonic ancestry]
  2964 | D:3      | Reached XP level 5. HP: 35/35 MP: 8/11
  3213 | D:4      | Noticed an ogre
  3585 | D:4      | Killed an ogre
  3585 | D:4      | Reached XP level 6. HP: 41/41 MP: 7/12
  3760 | D:4      | Found a transporter.
  3780 | D:4      | Found a transporter.
  4185 | D:5      | Entered Level 5 of the Dungeon
  4374 | D:5      | Noticed Menkaure
  4382 | D:5      | Killed Menkaure
  4382 | D:5      | Gained mutation: You have a pair of antennae on your head. [demonic ancestry]
  4382 | D:5      | Reached XP level 7. HP: 20/46 MP: 9/14
  4982 | D:5      | Found a hazy altar of Hepliaklqana.
  5052 | D:5      | Found a runed door.
  5078 | D:5      | Noticed Crazy Yiuf
  5080 | D:5      | Killed Crazy Yiuf
  5292 | D:6      | Found a blossoming altar of Fedhas.
  5324 | D:6      | Reached skill level 5 in Spellcasting
  5324 | D:6      | Reached skill level 5 in Conjurations
  5334 | D:6      | Found a transporter.
  5335 | D:6      | Noticed a freezing wraith
  5337 | D:6      | Found a basalt altar of Yredelemnul.
  5377 | D:6      | Found a transporter.
  5394 | D:6      | Found Wubutuck's General Store.
  5412 | D:6      | Noticed an efreet
  5514 | D:6      | Mangled by an efreet

Vault maps used:
D:1:      minmay_arrival_four_circles, minmay_misc_feat_nine_boxes
D:4:      gammafunk_steamed_eel, first_bread
D:5:      lemuel_doored_altar, uniq_menkaure, uniq_crazy_yiuf_cottage
D:6:      fedhas_altar_1, gammafunk_temple_overflow_arena, serial_shops, shop

Skill      XL: |  1  2  3  4  5  6  7 |
---------------+----------------------+-----
Spellcasting   | 3 4 5 |  5.0
Conjurations   | 2 3 4 5 |  5.0
Earth Magic    | 3 4 |  4.7
Throwing       | |  1.0
Shields        | |  1.0
Charms         | |  1.7
Summonings     | |  1.0

Action                   |  1- 3 |  4- 6 |  7- 9 || total
-------------------------+-------+-------+-------++-------
Melee: Club              |     9 |       |       ||     9
       Dagger            |    83 |    64 |       ||   147
       Short sword       |       |       |    26 ||    26
 Cast: Sandblast         |    40 |    52 |    16 ||   108
       Stone Arrow       |     1 |    21 |    18 ||    40
  Use: Scroll            |     4 |     2 |     1 ||     7
       Potion            |       |       |     8 ||     8
  Eat: Chunk             |     2 |     8 |     3 ||    13
       Bread ration      |       |     1 |       ||     1
Armor: Robe              |    42 |    26 |     5 ||    73
Dodge: Dodged            |    66 |    43 |    25 ||   134
